 Dungeon Crawl Stone Soup version 0.26.1-11-gd32895ea62 (webtiles) character file.

Game seed: 18091094896504519244

72907 Ijustatesigmund the Basher (level 15, -5/109 HPs)
             Began as an Octopode Fighter on July 2, 2021.
             Was the Champion of Cheibriados.
             Killed from afar by an ogre mage (61 damage)
             ... with a crystal spear
             ... while paralysed by an orc sorcerer
             ... on level 1 of the Orcish Mines.
             The game lasted 00:48:35 (23477 turns).

Ijustatesigmund the Basher (Octopode Fighter)      Turns: 23477, Time: 00:48:36

Health: -5/109     AC:  1    Str: 33    XL:     15   Next: 41%
Magic:  32/32      EV:  2    Int: 29    God:    Cheibriados [******]
Gold:   1107       SH:  0    Dex: 33    Spells: 11/14 levels left

rFire    . . .     SeeInvis .   a - +5 flail (protect)
rCold    + . .     Faith    .   b - +0 kite shield
rNeg     . . .     Spirit   .   (helmet restricted)
rPois    .         Reflect  .   I - amulet of regeneration
rElec    .         Harm     .   i - +4 ring of evasion
rCorr    .         Rampage  .   o - +4 ring of evasion
Will     +....                  q - ring of magical power
Stlth    +++++++...             k - +6 ring of dexterity
HPRegen  0.68/turn              u - +4 ring of evasion
MPRegen  0.23/turn              D - ring of flight
                                O - ring of protection from cold
                                (no ring)

@: paralysed, very slow
A: almost no armour, stealthy swim, amphibious, 8 rings, constrict 8, camouflage
1, gelatinous body 1
a: Renounce Religion, Evoke Flight, Bend Time, Temporal Distortion, Slouch, Step
From Time


You were on level 1 of the Orcish Mines.
You worshipped Cheibriados.
Cheibriados was exalted by your worship.
You visited 4 branches of the dungeon, and saw 22 of its levels.

You collected 1630 gold pieces.
You spent 523 gold pieces at shops.

Inventory:

Hand Weapons
 a - a +5 flail of protection (weapon)
Missiles
 h - 2 atropa-tipped darts
 x - 6 silver boomerangs (quivered)
Armour
 b - a +0 kite shield (worn)
Jewellery
 e - an uncursed amulet of the acrobat
 i - a +4 ring of evasion (left tentacle)
 k - a +6 ring of dexterity (on tentacle)
 o - a +4 ring of evasion (right tentacle)
 q - a ring of magical power (on tentacle)
 t - an uncursed ring of fire
 u - a +4 ring of evasion (on tentacle)
 D - a ring of flight (on tentacle)
 I - an amulet of regeneration (around mantle)
 K - an uncursed ring of ice
 O - a ring of protection from cold (on tentacle)
 P - the ring "Goud Zol" {Fire *Corrode rElec Dex+2 Slay+5}
   (You found it on level 6 of the Lair of Beasts)

   [ring of fire]

   It enhances your fire magic.
   It affects your dexterity (+2).
   It affects your accuracy and damage with ranged weapons and melee attacks
   (+5).
   It protects you from fire.
   It makes you vulnerable to cold.
   It insulates you from electricity.
   It may corrode you when you take damage.
Wands
 l - a wand of polymorph (12)
 p - a wand of acid (33)
 y - a wand of paralysis (13)
 F - a wand of flame (61)
 N - a wand of iceblast (40)
Scrolls
 m - 7 scrolls of fog
 s - 2 scrolls of teleportation
 v - 8 scrolls of identify
 w - 3 scrolls of fear
 z - 5 scrolls of remove curse
 B - 2 scrolls of enchant weapon
 E - 2 scrolls of magic mapping
 J - 4 scrolls of amnesia
 L - 2 scrolls of holy word
 M - a scroll of blinking
Potions
 c - 4 potions of cancellation
 d - 2 potions of brilliance
 f - 2 potions of invisibility
 g - 4 potions of ambrosia
 j - 10 potions of curing
 n - 3 potions of resistance
 r - 4 potions of heal wounds
 A - 3 potions of flight
 C - 3 potions of mutation
 G - 3 potions of might
 H - 2 potions of attraction
 Q - a potion of magic


   Skills:
 - Level 12.4 Fighting
 - Level 12.5 Maces & Flails
 - Level 10.4 Dodging
 + Level 10.5 Stealth
 - Level 10.0 Shields
 - Level 3.1 Conjurations
 - Level 6.2 Translocations
 + Level 11.5 Invocations
 + Level 5.9 Evocations


You had 11 spell levels left.
You knew the following spells:

 Your Spells              Type           Power        Failure   Level
a - Magic Dart            Conj           72%          5%          1
b - Blink                 Tloc           N/A          2%          2

Your spell library contained the following spells:

 Spells                   Type           Power        Failure   Level
 Shock                    Conj/Air       36%          11%         1
 Portal Projectile        Hex/Tloc       36%          16%         3
 Corona                   Hex            0%           19%         1
 Summon Small Mammal      Summ           0%           19%         1
 Call Imp                 Summ           0%           28%         2
 Slow                     Hex            0%           28%         2
 Swiftness                Air            0%           28%         2
 Conjure Flame            Conj/Fire      9%           30%         3
 Static Discharge         Conj/Air       9%           30%         3
 Mephitic Cloud           Conj/Pois/Air  6%           36%         3
 Call Canine Familiar     Summ           0%           50%         3
 Inner Flame              Hex/Fire       0%           50%         3
 Summon Guardian Golem    Hex/Summ       0%           50%         3
 Airstrike                Air            0%           88%         4
 Cause Fear               Hex            0%           88%         4
 Leda's Liquefaction      Hex/Erth       0%           88%         4
 Summon Ice Beast         Ice/Summ       0%           88%         4
 Summon Lightning Spire   Summ/Air       0%           88%         4
 Lightning Bolt           Conj/Air       4%           96%         5


Dungeon Overview and Level Annotations

Branches:
Dungeon (13/15)            Temple (1/1) D:4            Lair (6/6) D:10
 Shoals (0/4) Lair:2       Spider (0/4) Lair:4        Slime (0/5) Lair:5
    Orc (2/2) D:12
    Elf: Orc:2       Vaults: D:13-14

Altars:
Ashenzari
Cheibriados
Dithmenos
Elyvilon
Fedhas
Gozag
Hepliaklqana
Kikubaaqudgha
Makhleb
Nemelex Xobeh
Okawaru
Qazlal
Ru
Sif Muna
Trog
Uskayaw
Vehumet
Wu Jian
Xom
Yredelemnul
Zin
The Shining One
Beogh

Shops:
D:4 :   D:5 (   D:6 }   D:12 [   Orc:1 *[

Annotations:
D:10 2 transporters, Kukuleta's ghost, journeyman MfIE
Lair:1 exclusion: orange crystal statue


Innate Abilities, Weirdness & Mutations

You cannot wear most types of armour.
You are very stealthy in the water. (Stealth+)
You are amphibious.
You can wear up to eight rings at the same time.
You can use your tentacles to constrict eight enemies at once.
Your skin changes colour to match your surroundings (Stealth+).
Your rubbery body absorbs attacks. (AC +1, EV +1)


Message History

You suddenly lose the ability to move!
The ogre mage mumbles some strange words.
The ogre mage blinks!
The ogre mage hits you but does no damage.
The orc warrior hits you with a +0 long sword!
The orc sorcerer mumbles some strange words.
The orc hits you with a +0 short sword. The ogre mage barely misses you.
The orc knight roars a battlecry!
The ogre mage hits you with a +0 whip.
The orc knight roars a battlecry!
The orc priest goes into a battle-frenzy!
The warg bites you!
The orc priest looks braver for a moment.
The orc warrior hits you with a +0 long sword!!
The ogre mage casts a spell.
The ogre mage blinks!
The ogre mage gestures at you while chanting.
The crystal spear hits you!!!
Ouch! That really hurt!
You die...

**************************
**,,*..#....#$##.#..#*,**,**
*,,,∩.∩..............,,,,,,*
**,,,................*,**,**
*,,,∩.∩.(.$..........,,**,**
*,,>,..#...(..#......,,,,,,*
*,,,,................,,,*,**
**,,,.......)h...#..#,,*,,,**
*,,,,.....#§@o.......,,,*,,,*
**,,,.O....TOoo......,,,,,8**
**,,.....o.oo.......,,,,,,*
*,,,.........3...#§.,,,,,>**
**,*...o≈§≈≈#.o#≈§§§,,,*,,**
*,,,#...≈≈≈§#oo#§§§≈,,,,,∩*,
**,,....≈≈.≈#.o#≈§≈≈,,**,,,,
*,,$...≈≈≈o#oo#o≈≈≈,*,**8,,
**,,....####.,.>****,,,,,,,,


You could see 2 orc knights, 2 ogre magi, a deep troll, a sun demon (summoned),
a warg, 2 orc sorcerers, 2 orc warriors, 2 orc priests and 6 orcs.

Vanquished Creatures
  The ghost of Jerry the Basher, a journeyman TrHu of Gozag (Lair:6)
  Nessos (D:12)
  A stone giant (Orc:1)
  Josephine (Orc:1)
  Snorg (Orc:1)
  9 hydras
  Fannar (Lair:3)
  An ice dragon (Lair:6)
  A boulder beetle (Lair:3)
  4 two-headed ogres
  A death yak (Lair:4)
  Nergalle (Lair:3)
  A skeletal warrior (D:12)
  2 unseen horrors (D:12)
  2 lindwurms
  An orc knight (D:12)
  2 ugly things (D:12)
  Maurice (Orc:2)
  4 elephants (Lair:5)
  A cyclops (D:11)
  2 black mambas
  Joseph (D:9)
  A gargoyle (D:12)
  27 cane toads
  3 torpor snails
  7 rime drakes
  14 komodo dragons
  2 tyrant leeches (Lair:6)
  3 trolls
  A merfolk (Lair:2)
  A jumping spider (Lair:4)
  6 polar bears
  3 hornets
  3 slime creatures (D:12)
  11 dream sheep
  A queen bee (D:8)
  23 blink frogs
  A meliai zombie (D:11)
  2 shadows
  8 wyverns
  6 wraiths
  44 yaks
  6 vampire mosquitoes (Lair:6)
  A death yak simulacrum (Lair:6)
  4 basilisks
  A steam dragon (D:10)
  17 water moccasins
  An acid dragon (D:13)
  2 hydra simulacra (Lair:6)
  24 orc warriors
  2 ice beasts
  4 black bears
  2 boulder beetle simulacra (Lair:6)
  A black mamba simulacrum (Lair:6)
  12 ogres
  4 sky beasts
  14 wolves
  11 centaurs
  A big kobold (D:10)
  24 bullfrogs
  2 gnoll sergeants
  A wyvern zombie (D:9)
  A water moccasin skeleton (D:11)
  8 scorpions
  13 killer bees
  25 wights
  5 electric eels
  6 howler monkeys
  2 bullfrog zombies
  5 jellies
  9 hounds
  4 gnoll shamans (D:10)
  18 orc priests
  Crazy Yiuf (D:3)
  3 centaur skeletons
  A bullfrog skeleton (D:9)
  Ijyb (D:3)
  3 iguanas
  12 worker ants
  17 orc wizards
  6 hell rats (Lair:5)
  A hound skeleton (D:6)
  A worker ant zombie (D:6)
  22 gnolls
  9 adders
  3 shadow imps
  2 white imps
  5 ufetubi
  An ooze (D:6)
  An adder zombie (D:5)
  3 adder skeletons
  6 worms
  A dart slug (D:3)
  8 leopard geckos
  81 orcs
  7 giant cockroaches
  5 goblins
  11 hobgoblins
  23 jackals
  2 quokkas
  3 ball pythons
  9 bats
  8 frilled lizards
  3 kobolds
  A leopard gecko skeleton (D:7)
  2 leopard gecko zombies (D:7)
  A quokka zombie (D:5)
  3 bushes (Lair:1)
703 creatures vanquished.

Vanquished Creatures (others)
  An orc priest (D:10)
  An orc (D:10)
  A quokka (D:12)
  106 fungi
  190 plants
299 creatures vanquished.

Grand Total: 1002 creatures vanquished

Notes
Turn   | Place    | Note
-------+----------+-------------------------------------------
     0 | D:1      | Ijustatesigmund the Octopode Fighter began the quest for
                  | the Orb.
     0 | D:1      | Reached XP level 1. HP: 16/16 MP: 1/1
   290 | D:1      | Reached XP level 2. HP: 21/21 MP: 2/2
   727 | D:1      | Reached XP level 3. HP: 26/26 MP: 3/3
   966 | D:2      | Noticed a scorpion
   971 | D:2      | Killed a scorpion
   972 | D:2      | Reached XP level 4. HP: 31/31 MP: 4/4
  1283 | D:2      | Reached XP level 5. HP: 33/36 MP: 5/5
  1834 | D:3      | Noticed a centaur
  1855 | D:3      | Killed a centaur
  1856 | D:3      | Reached XP level 6. HP: 34/43 MP: 6/6
  2022 | D:3      | Reached skill level 1 in Stealth
  2403 | D:3      | Noticed Ijyb
  2412 | D:3      | Killed Ijyb
  2946 | D:3      | Reached XP level 7. HP: 49/49 MP: 7/7
  2961 | D:3      | Found a runed translucent door.
  2962 | D:3      | Noticed Crazy Yiuf
  3032 | D:3      | Killed Crazy Yiuf
  3369 | D:4      | You fall into a shaft and drop 1 floor!
  3369 | D:5      | Entered Level 5 of the Dungeon
  3465 | D:5      | Reached skill level 5 in Maces & Flails
  3523 | D:5      | Reached skill level 5 in Fighting
  3523 | D:5      | Reached skill level 5 in Dodging
  3717 | D:5      | Reached XP level 8. HP: 41/55 MP: 8/8
  3839 | D:5      | Reached skill level 1 in Evocations
  4219 | D:5      | Found Quoskigi's Antique Weapon Shoppe.
  4676 | D:6      | Found a glowing golden altar of the Shining One.
  5048 | D:6      | Reached skill level 5 in Shields
  5316 | D:6      | Reached XP level 9. HP: 54/62 MP: 9/9
  5467 | D:6      | Found Ydaomor's Gadget Shoppe.
  5833 | D:7      | Found a radiant altar of Vehumet.
  5834 | D:7      | Found an ancient bone altar of Kikubaaqudgha.
  5835 | D:7      | Found a shimmering blue altar of Sif Muna.
  5844 | D:7      | Identified Sif Muna's Almanac of Bewitchment
  6726 | D:7      | Reached skill level 5 in Evocations
  6726 | D:7      | Reached XP level 10. HP: 45/71 MP: 10/10
  7594 | D:8      | Found a shimmering altar of Xom.
  8249 | D:9      | Reached skill level 5 in Stealth
  8496 | D:9      | Found a sacrificial altar of Ru.
  8604 | D:9      | Found a hazy altar of Hepliaklqana.
  8604 | D:9      | Found a basalt altar of Yredelemnul.
  8671 | D:9      | Noticed Joseph
  8677 | D:9      | Killed Joseph
  9239 | D:10     | Entered Level 10 of the Dungeon
  9292 | D:10     | Found a transporter.
  9299 | D:10     | Noticed Kukuleta's ghost (journeyman MfIE)
  9820 | D:10     | Reached XP level 11. HP: 77/77 MP: 11/11
 10275 | D:10     | Found a staircase to the Lair.
 10440 | D:10     | Found a radiant altar of Vehumet.
 10965 | D:10     | Found a transporter.
 11845 | D:11     | Noticed a cyclops
 11858 | D:11     | Killed a cyclops
 11859 | D:11     | Noticed a two-headed ogre
 12093 | D:11     | Killed a two-headed ogre
 12132 | D:11     | Paralysed by a hornet for 3 turns
 12554 | D:11     | Found a blossoming altar of Fedhas.
 12592 | D:12     | Found a white marble altar of Elyvilon.
 12636 | D:12     | Killed an unseen horror
 12845 | D:12     | Found a staircase to the Orcish Mines.
 12946 | D:12     | Reached XP level 12. HP: 85/85 MP: 12/12
 12958 | D:12     | Noticed a seven-headed hydra
 12969 | D:12     | Killed a seven-headed hydra
 13146 | D:12     | Noticed a seven-headed hydra
 13179 | D:12     | Killed a seven-headed hydra
 13448 | D:12     | Found Nuaph's Antique Armour Shop.
 13455 | D:12     | Bought a heavily runed buckler for 323 gold pieces
 13465 | D:12     | Identified the cursed -7 buckler "Dinom" {*Slow rF+ Regen+
                  | rCorr} (You bought it in a shop on level 12 of the Dungeon)
 13618 | D:12     | Noticed a two-headed ogre
 13643 | D:12     | Killed a two-headed ogre
 13644 | D:12     | Reached skill level 10 in Stealth
 13709 | D:12     | Noticed a two-headed ogre
 13977 | D:4      | Found a staircase to the Ecumenical Temple.
 14058 | Temple   | Entered the Ecumenical Temple
 14241 | Temple   | Became a worshipper of Cheibriados the Contemplative
 14604 | D:4      | Found Ysot's Book Emporium.
 14607 | D:4      | Bought a book of Minor Magic for 200 gold pieces
 14609 | D:4      | Learned a level 1 spell: Magic Dart
 14612 | D:4      | Learned a level 2 spell: Blink
 14802 | D:12     | Reached skill level 1 in Invocations
 14807 | D:12     | Reached * piety under Cheibriados
 14812 | D:12     | Found a roughly hewn altar of Beogh.
 14822 | D:12     | Reached skill level 1 in Translocations
 14922 | D:13     | Noticed a centaur warrior
 15040 | D:12     | Noticed a two-headed ogre
 15088 | D:12     | Reached ** piety under Cheibriados
 15117 | D:12     | Killed a two-headed ogre
 15202 | D:12     | Killed a two-headed ogre
 15544 | D:12     | Noticed Nessos
 15561 | D:12     | Killed Nessos
 15562 | D:12     | Reached skill level 5 in Invocations
 15883 | D:12     | Reached XP level 13. HP: 92/92 MP: 17/17
 15917 | D:12     | Reached skill level 5 in Translocations
 16055 | Lair:1   | Entered Level 1 of the Lair of Beasts
 16159 | Lair:1   | Reached skill level 1 in Conjurations
 17118 | Lair:2   | Reached *** piety under Cheibriados
 17365 | Lair:2   | Reached skill level 10 in Maces & Flails
 17400 | Lair:2   | Reached skill level 10 in Fighting
 17573 | Lair:2   | Reached **** piety under Cheibriados
 17699 | Lair:2   | Found a staircase to the Shoals.
 17973 | Lair:3   | Noticed Nergalle
 17981 | Lair:3   | Killed Nergalle
 17986 | Lair:3   | Noticed Fannar
 18000 | Lair:3   | Killed Fannar
 19479 | Lair:4   | Found a hole to the Spider Nest.
 19493 | Lair:4   | Reached XP level 14. HP: 99/99 MP: 20/20
 19539 | Lair:4   | Reached ***** piety under Cheibriados
 20722 | Lair:5   | Reached skill level 10 in Invocations
 20880 | Lair:5   | Found a staircase to the Slime Pits.
 21209 | Lair:6   | Entered Level 6 of the Lair of Beasts
 21362 | Lair:6   | Reached ****** piety under Cheibriados
 21572 | Lair:6   | Reached skill level 10 in Dodging
 21794 | Lair:6   | Reached XP level 15. HP: 94/108 MP: 23/23
 22101 | Lair:6   | Found a runed translucent gate.
 22101 | Lair:6   | Found a runed translucent gate.
 22101 | Lair:6   | Found a runed translucent gate.
 22332 | Lair:6   | Noticed Jerry's ghost (journeyman TrHu)
 22499 | Lair:6   | Killed Jerry's ghost
 22511 | Lair:6   | Reached skill level 10 in Shields
 22680 | Lair:6   | Got the ring "Goud Zol" {Fire}
 22893 | Orc:1    | Entered Level 1 of the Orcish Mines
 22893 | Orc:1    | Noticed Snorg
 22906 | Orc:1    | Killed Snorg
 23017 | Orc:1    | Found Rala's Antique Armour Shoppe.
 23019 | Orc:1    | Noticed Josephine
 23044 | Orc:1    | Killed Josephine
 23225 | Orc:2    | Entered Level 2 of the Orcish Mines
 23225 | Orc:2    | Found a roughly hewn altar of Beogh.
 23417 | Orc:2    | Noticed Maurice
 23425 | Orc:2    | Identified the ring "Goud Zol" {Fire *Corrode rElec Dex+2
                  | Slay+5} (You found it on level 6 of the Lair of Beasts)
 23426 | Orc:2    | Killed Maurice
 23435 | Orc:1    | Found Ussaw's Assorted Antiques.
 23475 | Orc:1    | Paralysed by an orc sorcerer for 6 turns
 23477 | Orc:1    | Killed from afar by an ogre mage

Illustrated notes

Levels and vault maps discovered:
D:1:      amcnicky_arrival_feature_with_door, layout_loops_ring
D:2:      layout_rooms, roderic_roman_lattice
D:3:      layout_loops_corners, uniq_crazy_yiuf_cottage, uniq_ijyb
D:4:      layout_basic, temple_pool_b, serial_shops, kennysheep_mini_moat
D:5:      layout_layer_cave, serial_shops, nicolae_shop_behind_doors,
          serial_bayou, serial_bayou_pond_b, serial_bayou_ford_a,
          serial_bayou_pond_e, serial_bayou_pond_a, hangedman_minor_gate_pass
D:6:      layout_cave_pools, serial_gnoll_camp, gnoll_camp_mini_hut,
          gnoll_camp_mini_shop, gnoll_camp_mini_doghouse, gnoll_camp_mini_hut,
          gnoll_camp_mini_hut, basic_altar
D:7:      layout_basic, grunt_temple_overflow_magic_moments, kennysheep_donut
D:8:      layout_basic, basic_altar, corexii_hall_statues_x, moated_statue,
          nicolae_looking_at_the_future
D:9:      cheibrodos_barr_body, layout_basic,
          nicolae_ru_great_annihilating_truth, gammafunk_temple_overflow_statue,
          uniq_joseph
D:10:     kennysheep_seaside_town, layout_layer_cave,
          due_lair_maze_entry_diamond, basic_altar, nzn_ghost_randoct
D:11:     layout_rooms, fedhas_altar_4
D:12:     layout_basic, david_orc_4, serial_shops, nicolae_shop_trees,
          special_room [special_room_orc], elyvilon_altar_4, uniq_nessos
D:13:     layout_cross, david_vaults_1, serial_shops, shop, wad_scary_box
Temple:   eino_temple_scatter_basement
Lair:1:   statuecave_lemuel, layout_long_grid, chequers_serial_rivers_micro_c,
          minmay_hedge_maze, chequers_serial_rivers_room_a
Lair:2:   layout_regular_city, elwin_shoals_entry_rooms,
          chequers_serial_rivers_room_a, infiniplex_staircase_pool,
          grunt_megastairs_2
Lair:3:   layout_layer_cave, hangedman_lair_generics_rect, uniq_nergalle,
          uniq_fannar
Lair:4:   layout_small_grid, spider_nest_entry_a
Lair:5:   layout_cave_pods, slime_dummy, st_stairs_7, columned_hall_lemuel,
          beast_lair_carwin_1
Lair:6:   minmay_lair_end_frog_pond, layout_gridlike, gammafunk_ghost_icy,
          st_stairs_10, infiniplex_staircase_pool_2
Orc:1:    layout_caves, serial_shops, nicolae_shop_competitors_out_of_business,
          nicolae_shop_overgrown_old_shop, shop_statue, guppyfry_orc_lava_fort,
          uniq_josephine, uniq_snorg
Orc:2:    pf_orc_diabolical, layout_caves, basic_altar, mines2_david,
          uniq_maurice

Skill      XL: |  1  2  3  4  5  6  7  8  9 10 11 12 13 14 15 |
---------------+----------------------------------------------+-----
Maces & Flails | 3 4 5 6 7 8 9 10 12 | 12.5
Fighting       | 4 5 7 8 9 10 12 | 12.4
Dodging        | 4 5 7 8 9 10 | 10.4
Stealth        | 2 4 6 9 10 | 10.5
Shields        | 4 5 6 7 8 9 10 | 10.0
Evocations     | 3 5 |  5.9
Invocations    | 5 8 10 11 | 11.5
Translocations | 4 6 |  6.2
Conjurations   | 3 |  3.1

Action                   |  1- 3 |  4- 6 |  7- 9 | 10-12 | 13-15 || total
-------------------------+-------+-------+-------+-------+-------++-------
Melee: Flail             |    46 |    92 |   267 |   805 |   925 ||  2135
       Constrict         |     8 |    20 |    56 |   155 |   128 ||   367
       Tentacles         |     3 |    17 |    82 |   256 |   442 ||   800
Throw: Dart              |     1 |     2 |     4 |       |       ||     7
       Boomerang         |       |       |     1 |    11 |     4 ||    16
 Cast: Blink             |       |       |       |       |     4 ||     4
Evoke: Wand              |       |       |     2 |    12 |    13 ||    27
  Use: Scroll            |     6 |     4 |     8 |    13 |     9 ||    40
       Potion            |       |     2 |     3 |     7 |       ||    12
 Stab: Sleeping          |    10 |     8 |    12 |    28 |    40 ||    98
       Distracted        |       |       |     2 |     4 |     4 ||    10
       Paralysed         |       |       |       |     9 |       ||     9
       Invisible         |       |       |       |     3 |       ||     3
Armor: Skin              |     6 |     3 |    10 |    40 |    32 ||    91
Dodge: Dodged            |    13 |    71 |   200 |   644 |   733 ||  1661
Block: Kite shield       |    16 |    47 |   140 |   481 |   622 ||  1306
